Map: 機電廠 - 天梯版

Players

즐겜유저 - Winner!

  • Race: Protoss Protoss
  • League: Diamond
  • Spawn Location: 7:00

飛蛙

  • Race: Zerg Zerg
  • League: Diamond
  • Spawn Location: 1:00

VOD

Have the link to the VOD?

Description

Time

  • Played on: Aug. 13, 2017, 4:41 a.m.
  • Length: 11:23
Show
View Real Time Build Order
Export as new Build Order

즐겜유저 Protoss - Winner!

Build Orders: 1 Gate Expand, Oracle Opening 

Get SALT Encoding   

  12  0:01  Probe (Chrono Boost)  
  13  0:11  Probe (Chrono Boost)  
  14  0:21  Pylon  
  14  0:22  Probe (Chrono Boost)  
  15  0:40  Probe (Chrono Boost)  
  15  0:41  Gateway  
  16  0:48  Assimilator  
  16  0:51  Probe (Chrono Boost)  
  17  1:02  Probe (Chrono Boost)  
  18  1:12  Probe (Chrono Boost)  
  19  1:25  Nexus  
  19  1:28  Probe (Chrono Boost)  
  20  1:39  Cybernetics Core  
  20  1:41  Probe (Chrono Boost)  
  21  1:50  Assimilator  
  21  1:52  Probe (Chrono Boost)  
  22  1:58  Pylon  
  22  2:02  Probe (Chrono Boost)  
  23  2:16  Probe (Chrono Boost)  
  23  2:18  Adept (Chrono Boost)  
  23  2:19  Warp Gate  
  25  2:28  Probe  
  25  2:29  Stargate  
  26  2:38  Probe  
  26  2:40  Probe  
  26  2:42  Stalker (Chrono Boost)  
  30  2:48  Probe  
  31  2:53  Probe  
  32  2:59  Probe  
  32  3:04  Probe  
  34  3:10  Probe  
  35  3:13  Oracle (Chrono Boost)  
  35  3:15  Probe  
  35  3:19  Gateway  
  39  3:24  Probe  
  39  3:25  Gateway  
  40  3:27  Probe  
  40  3:31  Pylon  
  41  3:37  Probe  
  41  3:39  Probe  
  41  3:41  Pylon  
  43  3:44  Oracle (Chrono Boost)  
  46  3:50  Probe (Chrono Boost)  
  46  3:52  Probe (Chrono Boost)  
  48  3:57  Assimilator  
  48  3:59  Assimilator  
  48  4:05  Pylon  
  48  4:07  Probe (Chrono Boost)  
  48  4:08  Pylon  
  50  4:10  Probe (Chrono Boost)  
  50  4:19  Probe (Chrono Boost)  
  51  4:25  Adept x3, Probe (Chrono Boost)  
  58  4:35  Pylon, Probe (Chrono Boost)  
  58  4:38  Void Ray  
  59  4:40  Mothership Core (Chrono Boost)  
  65  4:47  Probe (Chrono Boost)  
  66  4:59  Probe (Chrono Boost)  
  67  5:02  Probe (Chrono Boost)  
  67  5:05  Nexus  
  68  5:12  Pylon  
  68  5:15  Probe (Chrono Boost)  
  68  5:16  Probe (Chrono Boost)  
  69  5:23  Robotics Facility  
  69  5:25  Twilight Council  
  69  5:27  Forge, Probe x2 (Chrono Boost)  
  71  5:37  Probe x2 (Chrono Boost)  
  71  5:39  Sentry  
  71  5:40  Sentry x2  
  79  5:45  Pylon  
  79  5:48  Probe x2 (Chrono Boost)  
  81  5:58  Protoss Ground Weapons Level 1, Probe x2 (Chrono Boost)  
  83  6:09  Charge, Templar Archives, Probe (Chrono Boost)  
  83  6:10  Warp Prism  
  86  6:12  Pylon, Probe (Chrono Boost)  
  87  6:19  Probe (Chrono Boost)  
  87  6:22  Adept x3  
  87  6:23  Probe (Chrono Boost)  
  87  6:25  Probe (Chrono Boost)  
  92  6:30  Probe (Chrono Boost)  
  92  6:35  Gateway  
  92  6:36  Probe (Chrono Boost)  
  92  6:37  Gateway  
  92  6:38  Probe (Chrono Boost)  
  94  6:40  Pylon  
  94  6:49  Probe (Chrono Boost)  
  94  6:50  Gateway, Probe (Chrono Boost)  
  94  6:51  Gateway  
  94  6:52  Psionic Storm, Probe (Chrono Boost)  
  97  7:01  Probe (Chrono Boost)  
  97  7:02  Probe (Chrono Boost)  
  97  7:04  Assimilator  
  97  7:08  Probe  
  100  7:10  Assimilator  
  100  7:13  Pylon, Probe  
  101  7:15  Pylon  
  101  7:20  Immortal  
  101  7:21  Zealot x3  
  107  7:23  Probe  
  112  7:30  Robotics Facility  
  112  7:36  Photon Cannon  
  112  7:37  Protoss Ground Weapons Level 2  
  112  7:40  Photon Cannon  
  112  7:44  High Templar x2  
  112  7:46  High Templar x2  
  120  7:54  Immortal  
  122  8:09  Photon Cannon  
  122  8:10  Pylon  
  122  8:19  Zealot x2  
  123  8:23  Immortal  
  127  8:28  Immortal  
  125  8:38  Zealot  
  125  8:39  High Templar x2  
  125  8:40  Zealot x4  
  139  8:43  Mothership Core, Archon  
  135  8:59  Pylon  
  135  9:02  High Templar x2, Immortal x2  
  141  9:03  Gateway  
  141  9:06  Pylon  
  141  9:07  Archon  
  141  9:09  Pylon  
  145  9:19  High Templar x2  
  145  9:21  Nexus  
  149  9:24  Archon, Pylon  
  149  9:25  Pylon  
  149  9:28  Probe  
  149  9:31  Forge  
  150  9:32  Forge, Probe  
  150  9:36  Pylon  
  151  9:39  Observer  
  151  9:41  Immortal  
  156  9:47  Photon Cannon  
  156  9:49  Photon Cannon  
  156  9:51  Photon Cannon  
  156  9:55  Immortal  
  158  10:14  Zealot x2  
  158  10:15  Zealot x5  
  158  10:21  Immortal  
  176  10:29  Immortal  
  166  10:44  High Templar x2  
  166  10:45  High Templar x2, Probe  
  166  10:46  Probe  
  166  10:47  Assimilator  
  166  10:48  Probe  
  167  10:51  Archon x2  
  167  10:52  Assimilator  
  161  11:00  Probe  
  160  11:06  Zealot x3  
Show
View Real Time Build Order
Export as new Build Order

飛蛙 Zerg 

Build Orders: Hatch First, Lurkers 

Get SALT Encoding   

  12  0:01  Drone  
  13  0:13  Overlord  
  13  0:17  Drone  
  14  0:32  Drone x2  
  17  0:35  Drone  
  17  0:52  Hatchery  
  17  0:55  Drone  
  17  0:59  Drone  
  18  1:10  Extractor  
  17  1:15  Spawning Pool  
  16  1:20  Drone  
  16  1:21  Drone  
  18  1:29  Drone  
  19  1:48  Overlord  
  19  2:02  Queen  
  19  2:04  Queen  
  19  2:05  Zergling x2  
  19  2:06  Zergling x2  
  25  2:11  Metabolic Boost  
  26  2:15  Drone x2  
  26  2:16  Drone  
  28  2:24  Drone  
  28  2:28  Drone  
  30  2:43  Hatchery  
  29  2:50  Pneumatized Carapace  
  29  2:51  Drone  
  29  2:56  Drone x2  
  32  3:04  Drone x3  
  35  3:05  Drone  
  36  3:16  Overlord  
  36  3:22  Overlord  
  36  3:35  Drone x6  
  42  3:44  Drone x4  
  42  3:46  Evolution Chamber  
  42  3:47  Extractor  
  44  3:51  Spore Crawler x2  
  42  3:57  Drone  
  42  3:58  Drone x2  
  45  4:03  Drone  
  45  4:04  Queen  
  45  4:05  Queen  
  45  4:09  Lair  
  50  4:14  Drone  
  49  4:26  Zerg Melee Weapons Level 1  
  49  4:30  Extractor x2  
  49  4:31  Drone x3  
  48  4:32  Drone  
  48  4:33  Drone  
  52  4:38  Baneling Nest  
  52  4:39  Drone x7  
  58  4:55  Overlord  
  55  5:06  Zergling x6  
  58  5:14  Zergling x12  
  63  5:31  Queen  
  63  5:32  Centrifical Hooks  
  63  5:33  Hydralisk Den  
  63  5:44  Overlord x3  
  63  5:45  Drone x3  
  66  5:54  Overlord  
  66  5:55  Overlord  
  66  6:03  Hatchery  
  65  6:06  Drone  
  65  6:07  Drone x8  
  65  6:10  Extractor  
  65  6:11  Extractor, Overlord x3  
  69  6:32  Muscular Augments  
  66  6:40  Drone x5, Hydralisk  
  66  6:41  Hydralisk x6  
  85  6:52  Spore Crawler, Hydralisk  
  85  6:53  Hydralisk x3  
  92  7:16  Overseer  
  92  7:17  Overseer  
  92  7:18  Hydralisk x8  
  92  7:20  Zergling x4  
  110  7:28  Queen, Overlord  
  110  7:29  Overlord  
  111  7:49  Zergling x2  
  111  7:50  Zergling x26  
  125  7:59  Baneling x9  
  125  8:03  Zerg Melee Weapons Level 2  
  125  8:05  Drone x4  
  129  8:11  Hatchery  
  128  8:19  Zergling x4  
  134  8:20  Zergling x12  
  134  8:33  Hydralisk x4  
  134  8:34  Hydralisk  
  116  8:52  Hydralisk x8  
  125  8:59  Lurker Den  
  125  9:06  Drone x2  
  125  9:07  Drone x2  
  125  9:08  Drone  
  130  9:11  Drone  
  130  9:12  Drone x3  
  134  9:25  Hydralisk x3  
  134  9:27  Overlord x2  
  134  9:29  Overseer  
  134  9:30  Overseer  
  139  9:56  Zergling x2  
  139  9:57  Zergling x22  
  151  10:05  Baneling x10  
  151  10:06  Baneling x2  
  131  10:32  Zergling x12  
  131  10:33  Zergling x18  
  102  10:51  Lurker x10  
  102  10:53  Zergling x2  
  102  10:54  Zergling x10  
  114  11:01  Drone x4  
Tags
 
Add a new tag
Caveats
  • Supply blocks, unpowered buildings, or Contaminate may cause inaccurate times.
  • Supply counts are checked every 10 seconds.